[Event "Early-Titled-Tuesday-Blitz-January-16-2024"]
[Site "Chess.com"]
[Date "2024.01.16"]
[Round "2"]
[White "Rsnr"]
[Black "arenal72"]
[Result "1-0"]
[WhiteElo "2865"]
[BlackElo "2578"]
[TimeControl "180+1"]
[EndTime "8:18:23 PST"]
[Termination "Rsnr won by resignation"]

1. d4 d6 2. Nf3 g6 3. c4 Bg7 4.
Nc3 e5 5. dxe5 dxe5 6. Qxd8+ Kxd8 7. g3 f6 8. Bg2 c6 9. O-O Be6 10. b4 Bxc4 11. Rd1+ Kc7 12. Nd2 Be6 13. b5 c5 14.
Nde4 Bf8 15. Be3 Nd7 16. Rac1 Rd8 17. b6+ axb6 18. Nb5+ Kb8 19. a4 Ne7 20. Ned6 Nc6 21. f4 Bxd6 22. Rxd6 Bb3 23. Ra1 exf4 24. Bxf4 Nde5 25.
Rxf6 Rhf8 26. Rxf8 Rxf8 27. Bxc6 bxc6 28. Bxe5+ Ka8 29.
Nc3 Kb7 30. a5 b5 31. a6+ Ka7 32. Bd6 Rf5 33. e4 Rf3 34. Bxc5+ Ka8 35. Rf1 Rxf1+ 36. Kxf1 b4 37. Bxb4 Bc4+ 38. Kf2 Bxa6 39. Ke3 Kb7 40. Kd4 Kc7 41. Ke5 Kd7 42. Bc5 Bd3 43. Kf6 1-0

[Event "Early-Titled-Tuesday-Blitz-January-16-2024"]
[Site "Chess.com"]
[Date "2024.01.16"]
[Round "2"]
[White "DrVitman"]
[Black "TimGrutter03"]
[Result "1-0"]
[WhiteElo "2784"]
[BlackElo "2517"]
[TimeControl "180+1"]
[EndTime "8:18:23 PST"]
[Termination "DrVitman won by resignation"]

1. e4 c5 2. Nc3 e6 3. Nge2 Nc6 4. g3 Nf6 5. Bg2 Be7 6. O-O e5 7. f4 d6 8. d3 a6 9. a4 Rb8 10. h3 h5 11. f5 b5 12. axb5 axb5 13. Nd5 Nxd5 14.
exd5 Nd4 15. Nxd4 cxd4 16. Bd2 Bg5 17. Bb4 Be3+ 18. Kh2 Qf6 19. Qf3 Kf8 20. Qe2 Kg8 21. Be4 Bg5 22. c3 dxc3 23. bxc3 h4 24. g4 Bf4+ 25. Kg2 Qd8 26. Qf2 Bb7 27. Ra7 Bg3 28. Qe3 Bf4 29. Qf2 Bg3 30. Qd2 Qb6 31. Rfa1 Bf4 32.
Qf2 Be3 33. Qf3 Bc5 34. Bxc5 Qxc5 35. R1a3 f6 36. Qf2 Qc7 37. Kf3 Kf7 38. Rb3 Ra8 39. Rxb5 Rxa7 40. Qxa7 Rb8 41. c4 Qd7 42. Qxb8 1-0

[Event "Early-Titled-Tuesday-Blitz-January-16-2024"]
[Site "Chess.com"]
[Date "2024.01.16"]
[Round "2"]
[White "missponyo10"]
[Black "tusplingher"]
[Result "1-0"]
[WhiteElo "2259"]
[BlackElo "2494"]
[TimeControl "180+1"]
[EndTime "8:18:23 PST"]
[Termination "missponyo10 won by checkmate"]

1. Nf3 Nf6 2. g3 e6 3. Bg2 d5 4. O-O c5 5. d4 cxd4 6. Nxd4 e5 7. Nb3 Nc6 8. c4 Be6 9. Bg5 dxc4 10. Qxd8+ Rxd8 11. Bxc6+ bxc6 12. Na5 Bd5 13. Rc1 Be7 14. Nd2 Nd7 15.
Bxe7 Kxe7 16. Ndxc4 Rb8 17. Ne3 Rb6 18. b3 Ke6 19.
Rc2 Rd8 20. Rac1 Nb8 21. f3 f5 22. Kf2 h5 23. h4 f4 24. gxf4 exf4 25. Nxd5 cxd5 26.
Rc7 Rd7 27. Rc8 Na6 28. R1c6+ Rd6 29. Rxd6+ Rxd6 30. a3 Kf7 31. b4 Re6 32. Nc6 g6 33.
Nd8+ Ke7 34. Nxe6 Kxe6 35. Rc6+ Ke5 36. Rxa6 Kd4 37. Rxa7 Ke5 38. Rg7 Kf5 39. Rc7 Ke6 40.
b5 Kd6 41. Rc1 d4 42. b6 Kd7 43. b7 d3 44. b8=Q d2 45. Rc7+ Ke6 46. Qb6+ Kf5 47. Rc5# 1-0

[Event "Early-Titled-Tuesday-Blitz-January-16-2024"]
[Site "Chess.com"]
[Date "2024.01.16"]
[Round "2"]
[White "Maxfan2008"]
[Black "Lennis93"]
[Result "0-1"]
[WhiteElo "2487"]
[BlackElo "2779"]
[TimeControl "180+1"]
[EndTime "8:18:24 PST"]
[Termination "Lennis93 won by checkmate"]

1. d4 g6 2. c4 Bg7 3. Nf3 d6 4. g3 Bg4 5. Bg2 Bxf3 6. Bxf3 Nc6 7. e3 e5 8. O-O exd4 9. exd4 Nxd4 10. Re1+ Ne7 11.
Bxb7 Rb8 12. Bg2 O-O 13. Nc3 c5 14. Rb1 h6 15. b3 Re8 16. Bb2 Qa5 17. Qd2 h5 18.
Rbd1 Nef5 19. Rxe8+ Rxe8 20. Ne4 Qxa2 21. Ra1 Qxb3 22.
Rxa7 Qxc4 23. h3 Ne2+ 24. Kh2 Bxb2 25. Qxb2 Rd8 26. Nf6+ Kf8 27. Nh7+ Kg8 28. Nf6+ Kg7 29. Nxh5+ Kh6 30. Qf6 Rf8 31. g4 Qc1 32. Ng3 Qg1# 0-1

[Event "Early-Titled-Tuesday-Blitz-January-16-2024"]
[Site "Chess.com"]
[Date "2024.01.16"]
[Round "2"]
[White "Volodar_Murzin"]
[Black "MokshAD1603"]
[Result "1-0"]
[WhiteElo "2929"]
[BlackElo "2604"]
[TimeControl "180+1"]
[EndTime "8:18:25 PST"]
[Termination "Volodar_Murzin won by checkmate"]

1. d4 Nf6 2. Nf3 d5 3. Bf4 c5 4. e3 Nc6 5. Nbd2 cxd4 6. exd4 Qb6 7. Nb3 Bg4 8. c3 e6 9. Be2 Be7 10. a4 a6 11. a5 Qd8 12. Ne5 Bxe2 13. Qxe2 Rc8 14.
Nxc6 Rxc6 15. O-O O-O 16. Nc1 Ne4 17. Nd3 Bg5 18. f3 Nd6 19. Bxd6 Qxd6 20. f4 Be7 21. f5 Bf6 22. fxe6 fxe6 23. Rae1 Re8 24. Qh5 Re7 25.
Rf3 Rc8 26. Rfe3 Rce8 27. h3 Qc7 28. Qg4 Qxa5 29. Rxe6 Qd8 30. Nf4 h6 31. Qf5 Bh4 32. Rxe7 Rxe7 33. Rxe7 Qxe7 34. Qxd5+ Kh7 35. Qe6 Qf8 36.
Qe4+ Kg8 37. Nd3 Bg5 38. Qxb7 Be3+ 39. Kh2 Qf1 40. Qa8+ Kf7 41. Ne5+ Ke6 42. Qe8+ Kd5 43. Qc6# 1-0

[Event "Early-Titled-Tuesday-Blitz-January-16-2024"]
[Site "Chess.com"]
[Date "2024.01.16"]
[Round "2"]
[White "anasta10"]
[Black "NinoMaisuradze"]
[Result "0-1"]
[WhiteElo "2499"]
[BlackElo "2284"]
[TimeControl "180+1"]
[EndTime "8:18:25 PST"]
[Termination "NinoMaisuradze won on time"]

1. Nf3 d5 2. d4 Nf6 3. c4 e6 4. Nc3 Be7 5. cxd5 exd5 6. Bg5 O-O 7. e3 c6 8. Bd3 Bg4 9. h3 Bh5 10. Qc2 Bg6 11. Ne5 Bxd3 12. Qxd3 Nbd7 13. Bxf6 Bxf6 14. Ng4 Be7 15. O-O-O Bd6 16. f4 f6 17. Rde1 b5 18.
Kb1 b4 19. Ne2 Nb6 20. Nc1 a5 21. g3 a4 22. e4 dxe4 23. Qxe4 a3 24. b3 Nd5 25.
Ka1 Qb6 26. Qd3 Rad8 27. Qc4 Kh8 28. Re6 Nc7 29. Re2 Nb5 30. Rd2 Rfe8 31. d5 cxd5 32.
Rxd5 Nc3 33. Rd3 Rc8 34. Qd4 Bc5 35. Qd7 Rcd8 36. Qf7 Bd4 37. Qh5 Qc6 38. Rf1 Nxa2+ 39. Kb1 Nc3+ 40. Ka1 Ne4+ 41. Kb1 Rc8 0-1

[Event "Early-Titled-Tuesday-Blitz-January-16-2024"]
[Site "Chess.com"]
[Date "2024.01.16"]
[Round "2"]
[White "Eesha-Karavade"]
[Black "GMT4114"]
[Result "1-0"]
[WhiteElo "2440"]
[BlackElo "1978"]
[TimeControl "180+1"]
[EndTime "8:18:25 PST"]
[Termination "Eesha-Karavade won on time"]

1. d4 e6 2. Nf3 f5 3. g3 Nf6 4. Bg2 Be7 5. c4 d6 6. Nc3 O-O 7. O-O Ne4 8. Qc2 Nxc3 9. bxc3 Nc6 10. e4 e5 11. c5 fxe4 12. Qxe4 Bf5 13. Qd5+ Kh8 14. dxe5 dxe5 15. c4 Bf6 16. Bb2 Qe7 17. Qd2 Qxc5 18. Qd5 Qe7 19. Rfe1 Rad8 20. Qb5 Bc8 21.
Nxe5 Nxe5 22. Bxe5 c6 23. Qb2 Bxe5 24. Rxe5 Qf6 25.
Rae1 h6 26. h4 Rd7 27. f4 Rdd8 28. Qf2 Qf7 29. c5 Rfe8 30. Rxe8+ Rxe8 31. Rxe8+ Qxe8 32. Qd4 Qd7 33. Qxd7 Bxd7 34. Kf2 Kg8 35. Ke3 Kf8 36. Kd4 Ke7 37. Ke5 Be6 38. a3 a5 39.
f5 Bb3 40. g4 Bc2 41. g5 hxg5 42. hxg5 Bd3 43. Bf3 Bc2 44. f6+ gxf6+ 45. gxf6+ Kf8 46. Bh5 Bb3 47. Kd6 1-0

[Event "Early-Titled-Tuesday-Blitz-January-16-2024"]
[Site "Chess.com"]
[Date "2024.01.16"]
[Round "2"]
[White "inneremptiness"]
[Black "YoreDea"]
[Result "1-0"]
[WhiteElo "2875"]
[BlackElo "2583"]
[TimeControl "180+1"]
[EndTime "8:18:27 PST"]
[Termination "inneremptiness won on time"]

1. e4 e6 2. d4 d5 3. Bd3 Nf6 4. e5 Nfd7 5. Ne2 c5 6. c3 Nc6 7.
Nd2 Qb6 8. Nf3 h6 9. O-O g5 10. h3 Rg8 11. Bh7 Rg7 12. Bb1 Be7 13. Ng3 a5 14. Nh5 Rg8 15. a4 cxd4 16. cxd4 Nb4 17. Be3 Qc7 18. Qd2 b6 19. Rc1 Qd8 20. Nh2 Ba6 21. Ng4 Rh8 22. f4 Rc8 23. Rxc8 Qxc8 24. f5 Qc4 25. fxe6 fxe6 26. Bg6+ Kd8 27. Rc1 Qb3 28.
Ng7 Nf8 29. Bf7 Bc8 30. Nxh6 Nd3 31. Rc3 Qxb2 32. Qxd3 Rxh6 33. Rc2 Qb1+ 34. Kh2 Qe1 35. Bf2 Qe4 36. Qc3 Bc5 37. dxc5 1-0

[Event "Early-Titled-Tuesday-Blitz-January-16-2024"]
[Site "Chess.com"]
[Date "2024.01.16"]
[Round "2"]
[White "scarabee43"]
[Black "RandomNoob04"]
[Result "0-1"]
[WhiteElo "2814"]
[BlackElo "2580"]
[TimeControl "180+1"]
[EndTime "8:18:27 PST"]
[Termination "RandomNoob04 won by resignation"]

1. Nf3 g6 2. c4 c5 3. Nc3 Bg7 4. e3 Nf6 5. d4 cxd4 6. exd4 d5 7. Bg5 Ne4 8. Bf4 Nxc3 9. bxc3 O-O 10. Bd3 dxc4 11. Bxc4 Qa5 12. Qb3 Nc6 13. O-O Qf5 14. Bg3 Na5 15. Qb4 Nxc4 16. Qxc4 Be6 17. Qb4 Bd5 18. Ne5 Rac8 19. f3 Rfe8 20. Rfe1 Bh6 21. Re2 Bg5 22. h4 Bf4 23. Kf2 Bxg3+ 24. Kxg3 f6 25.
Ng4 Kf8 26. Rae1 Rc7 27. a4 h5 28. Ne3 Qd7 29. Nxd5 Qxd5 30. Re4 Kf7 31. R1e3 Qc4 32. Qb5 a6 33. Qxc4+ Rxc4 34. d5 Rxe4 35. Rxe4 Rc8 36. c4 Rc5 37. Kf2 Ra5 38. Ke3 Rxa4 39. Kd4 b5 40. Kc5 Rxc4+ 41. Rxc4 bxc4 42. Kxc4 Ke8 43. Kc5 Kd7 44. Kb6 Kd6 45. Kxa6 Kxd5 46. Kb6 e5 47. Kb5 f5 48. Kb4 Kd4 49. Kb3 Kd3 0-1

[Event "Early-Titled-Tuesday-Blitz-January-16-2024"]
[Site "Chess.com"]
[Date "2024.01.16"]
[Round "2"]
[White "rhungaski"]
[Black "IM_ArthurDW08"]
[Result "0-1"]
[WhiteElo "2526"]
[BlackElo "2791"]
[TimeControl "180+1"]
[EndTime "8:18:27 PST"]
[Termination "IM_ArthurDW08 won by resignation"]

1. e4 c5 2. Nf3 e6 3. d4 cxd4 4. Nxd4 a6 5. c4 Nf6 6. Nc3 Qc7 7.
Be2 Bb4 8. Nc2 Be7 9. O-O d6 10. f4 O-O 11. Qd3 Nbd7 12. b4 b6 13. Bb2 Bb7 14. Rac1 Rac8 15. Qg3 b5 16. cxb5 axb5 17. Bxb5 d5 18. exd5 exd5 19. Kh1 g6 20. Ne3 Qd8 21. Nf5 Bxb4 22. Nh6+ Kg7 23. Bxd7 Qxd7 24. Ne4 dxe4 25. Bxf6+ Kxf6 26. Qg5+ Kg7 27. Rcd1 Qe6 28. f5 Qf6 29. Qg4 Kxh6 30. fxg6 Qxg6 31. Qd7 Bc6 32. Qd4 e3 33.
Rg1 Be7 34. Qxe3+ Bg5 35. Qh3+ Kg7 36. Qg3 Rcd8 37. Rxd8 Rxd8 38. Qc3+ Qf6 39. Qg3 Kh8 40. Qc7 Bf4 41. Qb6 Bxh2 0-1

[Event "Early-Titled-Tuesday-Blitz-January-16-2024"]
[Site "Chess.com"]
[Date "2024.01.16"]
[Round "2"]
[White "viktorskliarov"]
[Black "Hikaru"]
[Result "0-1"]
[WhiteElo "2675"]
[BlackElo "3223"]
[TimeControl "180+1"]
[EndTime "8:18:28 PST"]
[Termination "Hikaru won by resignation"]

1. e4 b6 2. d4 Bb7 3. Bd3 e6 4. Qe2 d5 5. e5 c5 6. c3 Qc8 7.
Nf3 Ba6 8. Bb5+ Bxb5 9. Qxb5+ Nd7 10. O-O Ne7 11. a4 Nf5 12. Na3 c4 13. a5 a6 14. Qa4 b5 15. Qd1 Ne7 16. Ng5 h6 17. Qh5 g6 18. Qh3 Bg7 19. Nf3 Nc6 20. Nc2 Qc7 21.
Nh4 Nf8 22. f4 Nxa5 23. g4 Nb3 24. Ra2 h5 25. f5 Nxc1 26. Rxc1 Bh6 27. Rca1 hxg4 28.
Qf1 gxf5 29. Rxa6 Rxa6 30. Rxa6 Bg5 31. Nxf5 exf5 32. Qxf5 Bd8 33. Nb4 Qd7 34. Qxd7+ Kxd7 35. Nxd5 Ne6 36. Ra7+ Ke8 37. Rb7 Ng5 38. Rxb5 Nf3+ 39. Kg2 Kd7 40. Ne3 Rxh2+ 41. Kg3 Rh1 42. Kxg4 Nd2 43.
Rb7+ Ke6 44. d5+ Kxe5 45. Rxf7 Rg1+ 46. Kh3 Ke4 47. Ng4 Rb1 48. d6 Kd5 49. d7 Ke6 50.
Rh7 Rxb2 51. Ne3 Rb3 52. Nxc4 Rxc3+ 53. Kg2 Nxc4 54. Kf2 Ne5 55. Ke2 Nxd7 56. Kd2 Rc6 57. Kd3 Nf6 58. Rh8 Ba5 59. Ke2 Rc3 60. Kf2 Bb6+ 61. Ke2 Kf5 0-1

[Event "Early-Titled-Tuesday-Blitz-January-16-2024"]
[Site "Chess.com"]
[Date "2024.01.16"]
[Round "2"]
[White "Makswolf200817"]
[Black "mishanick"]
[Result "0-1"]
[WhiteElo "2658"]
[BlackElo "3083"]
[TimeControl "180+1"]
[EndTime "8:18:29 PST"]
[Termination "mishanick won by checkmate"]

1. d4 Nf6 2. c4 e6 3. g3 d5 4. Bg2 Bb4+ 5. Bd2 Be7 6. Nf3 c6 7.
O-O Nbd7 8. Qc2 b6 9. Rc1 Ba6 10. b3 Rc8 11. a4 c5 12. a5 b5 13. cxb5 Bxb5 14. e3 O-O 15. Nc3 Ba6 16. Qb2 cxd4 17. exd4 Bb4 18. Bf1 Bxf1 19. Kxf1 Bxa5 20. Qa2 Bb6 21.
Nb5 Rxc1+ 22. Rxc1 Ne4 23. Bb4 Re8 24. Nxa7 Qf6 25.
Kg2 g5 26. h3 Bxd4 27. Qa4 Rd8 28. Nc6 Nb6 29. Qa2 Ra8 30. Qe2 Bxf2 31. Be7 Qg7 32. Rc2 Bxg3 33. Qb5 Bc7 34. Ncd4 g4 35. Ng1 gxh3+ 36.
Kh1 Ng3+ 37. Kh2 Ne2+ 38. Kxh3 Qg3# 0-1

[Event "Early-Titled-Tuesday-Blitz-January-16-2024"]
[Site "Chess.com"]
[Date "2024.01.16"]
[Round "2"]
[White "Kotlyar_K"]
[Black "Vladimir_Zakhartsov"]
[Result "0-1"]
[WhiteElo "2568"]
[BlackElo "2853"]
[TimeControl "180+1"]
[EndTime "8:18:29 PST"]
[Termination "Vladimir_Zakhartsov won by resignation"]

1. e4 c5 2. Nf3 d6 3. d4 Nf6 4. Nc3 cxd4 5. Qxd4 Nc6 6. Bb5 Bd7 7.
Bxc6 Bxc6 8. Bg5 e6 9. O-O-O Be7 10. Qd3 Qa5 11. Bd2 Qa6 12. Qxa6 bxa6 13. Rhe1 O-O 14.
Bf4 Rfd8 15. Nd4 Bb7 16. Bg5 h6 17. Bd2 Rac8 18. f3 Nd7 19. Bf4 Nb6 20. Nb3 Nc4 21. Nd2 g5 22. Bg3 Nb6 23. Nb3 d5 24. exd5 Nxd5 25.
Nxd5 Bxd5 26. Bf2 a5 27. Kb1 a4 28. Nd4 Bf6 29. c3 a3 30. Nb5 axb2 31. Bxa7 Ra8 32.
Bd4 Rdb8 33. Rd2 Rxb5 34. Bxf6 Bxa2+ 35. Kc2 b1=Q+ 36. Rxb1 Bxb1+ 37. Kc1 Bg6 38. Kd1 Rd5 39. Ke2 Rxd2+ 40. Kxd2 Ra2+ 0-1

[Event "Early-Titled-Tuesday-Blitz-January-16-2024"]
[Site "Chess.com"]
[Date "2024.01.16"]
[Round "2"]
[White "HiHaruka"]
[Black "Legendinunknown"]
[Result "0-1"]
[WhiteElo "2526"]
[BlackElo "2793"]
[TimeControl "180+1"]
[EndTime "8:18:29 PST"]
[Termination "Legendinunknown won on time"]

1. d4 Nf6 2. Nf3 e6 3. Nbd2 d5 4. e3 c5 5. c3 Nc6 6. Bd3 Bd6 7. O-O O-O 8. dxc5 Bxc5 9. e4 Bd6 10. Qe2 Qc7 11.
Re1 e5 12. exd5 Nxd5 13. Bxh7+ Kxh7 14. Qe4+ f5 15. Qxd5 e4 16. Ng5+ Kg6 17. h4 Bh2+ 18. Kf1 b6 19. g3 Ne7 20. Qd4 Rd8 21. Qe3 Rd3 22. Qe2 Ba6 23. Ndxe4 Rxg3 24. Qxa6 Rg1+ 25. Ke2 Rxe1+ 26. Kxe1 fxe4 27. Nxe4 Nf5 28. Ng5 Re8+ 29. Kf1 Qc6 30. f3 Qd5 0-1

[Event "Early-Titled-Tuesday-Blitz-January-16-2024"]
[Site "Chess.com"]
[Date "2024.01.16"]
[Round "2"]
[White "JaloliddinIlkhomi"]
[Black "toninhojit"]
[Result "0-1"]
[WhiteElo "2726"]
[BlackElo "2433"]
[TimeControl "180+1"]
[EndTime "8:18:30 PST"]
[Termination "toninhojit won by resignation"]

1. Nf3 c5 2. c3 d5 3. d4 cxd4 4. cxd4 Nc6 5. Nc3 Nf6 6. Bf4 a6 7. Rc1 e6 8. e3 Bd6 9. Bg3 O-O 10. Bd3 Qe7 11. O-O Bd7 12. Qe2 Rfc8 13. a3 Bxg3 14. hxg3 b5 15. Bb1 Na5 16. Ne5 Be8 17. g4 Nd7 18.
Nxd7 Qxd7 19. g5 Nc4 20. f4 g6 21. Rf3 a5 22. Qe1 b4 23. axb4 axb4 24. Nd1 Nd6 25. Rxc8 Rxc8 26. Nf2 Qc7 27. Nd3 b3 28. Rh3 Ne4 29.
Qh4 Qa5 30. Qxh7+ Kf8 31. Rf3 Qd2 32. Kh2 Rc2 33. Qh3 Qxd3 34. Bxc2 bxc2 35. f5 gxf5 36. g6 fxg6 37. Qh8+ Ke7 38. Qg7+ Bf7 39. Qh6 c1=Q 40. Qh4+ Kd7 41. Qh7 Nd6 42. Rf4 Qdxe3 43. Rf3 Qcg1+ 0-1

[Event "Early-Titled-Tuesday-Blitz-January-16-2024"]
[Site "Chess.com"]
[Date "2024.01.16"]
[Round "2"]
[White "Egor_Koshulyan"]
[Black "ImportedItalianMaple"]
[Result "1-0"]
[WhiteElo "2680"]
[BlackElo "2390"]
[TimeControl "180+1"]
[EndTime "8:18:31 PST"]
[Termination "Egor_Koshulyan won by resignation"]

1. e4 d5 2. exd5 Qxd5 3. Nc3 Qa5 4. d4 Nf6 5. Nf3 Bf5 6. Bc4 e6 7. O-O c6 8. Re1 Be7 9. Ne5 O-O 10. Bg5 h6 11. Bh4 Nd5 12. Bxd5 Bxh4 13. Be4 Bxe4 14. Nxe4 Qd8 15. c3 Nd7 16. Qh5 Be7 17. Rad1 Nf6 18. Qf3 Nxe4 19. Rxe4 Qd5 20. c4 Qa5 21. a3 Rad8 22. Rg4 c5 23. d5 exd5 24. cxd5 Qb6 25.
Nc4 Qc7 26. Qc3 f6 27. Qe3 Bd6 28. Qxh6 b5 29. Nxd6 Rxd6 30. Qh5 Rfd8 31. Rg3 c4 32. Re3 Qf7 33. Qg4 Rxd5 34. Rde1 R5d7 35. h3 Rf8 36. Qf5 Rfd8 37. Qxb5 Rb7 38. Qa5 Re8 39. Rxe8+ 1-0

[Event "Early-Titled-Tuesday-Blitz-January-16-2024"]
[Site "Chess.com"]
[Date "2024.01.16"]
[Round "2"]
[White "Maestro-Fermin"]
[Black "supereagles1201"]
[Result "1-0"]
[WhiteElo "2612"]
[BlackElo "2368"]
[TimeControl "180+1"]
[EndTime "8:18:31 PST"]
[Termination "Maestro-Fermin won by resignation"]

1. d4 d5 2. Bg5 f6 3. Bh4 Nh6 4. e3 Nf5 5. Bg3 c5 6. c4 cxd4 7.
exd4 e5 8. dxe5 d4 9. Nd2 Nc6 10. Ngf3 Bb4 11. a3 Bxd2+ 12. Qxd2 O-O 13. Bd3 fxe5 14.
O-O Nxg3 15. hxg3 Bf5 16. Rfe1 Bxd3 17. Qxd3 Qf6 18. Re2 Rae8 19. Rae1 Re7 20. Nd2 Rfe8 21.
Ne4 Qg6 22. b4 Nd8 23. c5 Nf7 24. Qc4 Kh8 25. Qd5 Qe6 26. Qxe6 Rxe6 27. f3 h6 28. Kf2 Kg8 29. g4 Ng5 30. Nxg5 hxg5 31. Rd2 Kf7 32. Ke2 e4 33. Kd1 exf3 34. Rxe6 Rxe6 35. gxf3 Re3 36. Rxd4 Rxa3 37. Rd7+ Kf6 38. Ke2 b6 39. c6 a6 40. Ra7 Rc3 41. c7 a5 42.
bxa5 bxa5 43. Kd2 Rc5 44. Kd3 Ke5 45. Rxa5 Rxa5 46. c8=Q Ra3+ 47. Ke2 Ra2+ 48. Ke3 Ra3+ 49. Kf2 Ra2+ 50. Kg3 Kf6 51. Qf5+ Ke7 52. Qxg5+ Kf8 53. Qf5+ Ke7 54. Qe5+ Kf8 55. g5 1-0

[Event "Early-Titled-Tuesday-Blitz-January-16-2024"]
[Site "Chess.com"]
[Date "2024.01.16"]
[Round "2"]
[White "FMCarmona"]
[Black "Happy1712Drummer"]
[Result "0-1"]
[WhiteElo "2183"]
[BlackElo "2482"]
[TimeControl "180+1"]
[EndTime "8:18:32 PST"]
[Termination "Happy1712Drummer won on time"]

1. e4 e6 2. Qe2 d5 3. exd5 Qxd5 4.
Nc3 Qd8 5. Nf3 Nf6 6. g3 c5 7.
Ne5 Nbd7 8. Bg2 Qc7 9. Nc4 a6 10. a4 Nb6 11. Nxb6 Qxb6 12. a5 Qc7 13. O-O Bd6 14.
d3 O-O 15. Bg5 Nd7 16. Ne4 Be5 17. c3 h6 18. Be3 f5 19. Nd2 f4 20. gxf4 Bxf4 21.
Bxf4 Qxf4 22. Qxe6+ Kh8 23. Qe3 Ne5 24. d4 cxd4 25.
cxd4 Ng6 26. Nc4 Qf6 27. f4 Nh4 28. Ne5 Bf5 29. Rac1 Rad8 30. Rfd1 Bc8 31. Rf1 Nf5 32. Qf2 Rxd4 33. Rc7 Rdd8 0-1

[Event "Early-Titled-Tuesday-Blitz-January-16-2024"]
[Site "Chess.com"]
[Date "2024.01.16"]
[Round "2"]
[White "Roman_Ovetchkin"]
[Black "DenLaz"]
[Result "0-1"]
[WhiteElo "2661"]
[BlackElo "3088"]
[TimeControl "180+1"]
[EndTime "8:18:34 PST"]
[Termination "DenLaz won by resignation"]

1. d4 f5 2. c4 Nf6 3. Nc3 d6 4. Nf3 g6 5. g3 Bg7 6. Bg2 O-O 7.
O-O c6 8. Re1 Na6 9. a3 Qc7 10.
e4 fxe4 11. Nxe4 Nxe4 12. Rxe4 Bf5 13. Re1 e5 14. dxe5 dxe5 15. Be3 Rad8 16. Qa4 e4 17. Ng5 Qe7 18. c5 Rde8 19. g4 Bxg4 20. Nxe4 Be6 21. Bg5 Qd7 22. Rad1 Bd5 23. Bh4 Kh8 24. Bg3 Bxb2 25.
Nd6 Rxe1+ 26. Rxe1 Bxg2 27. Kxg2 Bf6 28. Qc4 Nc7 29. h3 Nd5 30. h4 b5 31. Qe4 a5 32.
Rh1 Qe7 33. Qd3 b4 34. h5 gxh5 35. Rxh5 Qg7 36. axb4 Nf4+ 0-1

[Event "Early-Titled-Tuesday-Blitz-January-16-2024"]
[Site "Chess.com"]
[Date "2024.01.16"]
[Round "2"]
[White "larsmandreassen"]
[Black "AlexTruskavetsky"]
[Result "0-1"]
[WhiteElo "2214"]
[BlackElo "2691"]
[TimeControl "180+1"]
[EndTime "8:18:34 PST"]
[Termination "AlexTruskavetsky won by checkmate"]

1. d4 Nf6 2. Nf3 e6 3. Bg5 d5 4. e3 c5 5. c4 cxd4 6. cxd5 Qxd5 7. Bxf6 Bb4+ 8. Nbd2 dxe3 9. Bc3 Bxc3 10. bxc3 exd2+ 11. Qxd2 Qxd2+ 12. Kxd2 Nc6 13. Bb5 Bd7 14. Rhd1 O-O-O 15. Ke3 f6 16. Rac1 e5 17. Rd5 Be6 18. Rc5 Kc7 19.
Bxc6 bxc6 20. Ra5 Ra8 21. Ne1 Rhb8 22. Nd3 Rb5 23. Ra6 Kb7 24. Ra3 Bc4 25. Ne1 Rb2 26. Rc2 Rb1 27. Nd3 Bxd3 28. Kxd3 Rd8+ 29. Ke3 Rdd1 30.
c4 Rd4 31. f3 Rb4 32. Rac3 a5 33.
a3 Rb1 34. c5 Ka6 35. Kf2 Kb5 36. Kg3 a4 37. h3 Rb3 38. Kf2 Rxc3 39. Rxc3 Rc4 40. Rd3 Kxc5 41. Rd7 g5 42. Rxh7 Kd4 43. Rd7+ Kc3 44. Rf7 Rf4 45. Rc7 Kb3 46. Rxc6 Kxa3 47. g3 Rb4 48. Rxf6 Kb3 49. Re6 a3 50. Rxe5 a2 51.
Re1 Ka3 52. Re3+ Rb3 53. Re8 a1=Q 54. Ra8+ Kb2 55. Rxa1 Kxa1 56. h4 gxh4 57. gxh4 Kb2 58. Kg3 Kc3 59. h5 Kd4 60. Kg4 Ke5 61. Kg5 Rxf3 62.
h6 Rg3+ 63. Kh5 Kf5 64. h7 Rh3# 0-1

[Event "Early-Titled-Tuesday-Blitz-January-16-2024"]
[Site "Chess.com"]
[Date "2024.01.16"]
[Round "2"]
[White "ilya2700"]
[Black "Byniolus"]
[Result "0-1"]
[WhiteElo "2401"]
[BlackElo "2755"]
[TimeControl "180+1"]
[EndTime "8:18:34 PST"]
[Termination "Byniolus won by checkmate"]

1. e4 d6 2. d4 Nf6 3. Nc3 c6 4. Nf3 Bg4 5. Bc4 e6 6. h3 Bh5 7. Be3 d5 8. Bd3 Be7 9. e5 Nfd7 10. Qd2 Bxf3 11. gxf3 c5 12. Ne2 c4 13. Rg1 cxd3 14.
Qxd3 g6 15. O-O-O Nc6 16. f4 Qa5 17. Kb1 Nb6 18. Bd2 Qa6 19. Qg3 Nc4 20. Bc3 Rc8 21. h4 h5 22. Nc1 b5 23. Nb3 b4 24.
Bd2 Nxd2+ 25. Rxd2 Na5 26. f5 gxf5 27. Qg7 Rf8 28. Qh6 Nxb3 29. axb3 Bxh4 30. Qxh5 Be7 31. f4 Qb6 32. Rg7 Rc7 33. Qh7 a5 34. Rg8 Qb5 35.
Rdg2 a4 36. bxa4 Qf1+ 37. Ka2 b3+ 38. cxb3 Rc1 39. b4 Qd1 40. b3 Ra1+ 41. Kb2 Qc1# 0-1

[Event "Early-Titled-Tuesday-Blitz-January-16-2024"]
[Site "Chess.com"]
[Date "2024.01.16"]
[Round "2"]
[White "MITerryble"]
[Black "lefonghua"]
[Result "1/2-1/2"]
[WhiteElo "3021"]
[BlackElo "2650"]
[TimeControl "180+1"]
[EndTime "8:18:36 PST"]
[Termination "Game drawn by repetition"]

1. d4 Nf6 2. Bg5 g6 3. Nd2 Bg7 4. c3 d6 5. e4 O-O 6. Ngf3 c5 7.
dxc5 dxc5 8. Bc4 h6 9. Bh4 Nc6 10. O-O g5 11. Bg3 Nh5 12. Re1 Nxg3 13. hxg3 Qc7 14.
Qc2 Na5 15. Be2 Be6 16. Nb3 Nc4 17. Nfd2 Nxd2 18. Nxd2 Rad8 19. a4 b6 20. Nf1 c4 21.
Ne3 Rd7 22. Bg4 Bxg4 23. Nxg4 Rfd8 24. Rad1 Qc6 25. e5 e6 26. Rxd7 Rxd7 27. Rd1 Rd5 28. f4 Qc5+ 29. Kf1 h5 30. Nf2 gxf4 31. gxf4 Qe3 32.
Rxd5 exd5 33. g3 Qxg3 34. Qf5 h4 35. e6 fxe6 36. Qxe6+ Kh8 37. Qe8+ Kh7 38. Qh5+ Bh6 39. Qf5+ Kh8 40. Qf6+ Kh7 41. Qf7+ Kh8 42. Qe8+ Kh7 43.
Qd7+ Kh8 44. Qc8+ Kh7 45. Qb7+ Bg7 46. Qf7 Kh8 47. Qe8+ Kh7 48. Qh5+ Bh6 49. Qf5+ Kh8 50. Qe5+ Kh7 51. Qf5+ 1/2-1/2

[Event "Early-Titled-Tuesday-Blitz-January-16-2024"]
[Site "Chess.com"]
[Date "2024.01.16"]
[Round "2"]
[White "dzilleruelo"]
[Black "DefiantChair"]
[Result "1-0"]
[WhiteElo "2361"]
[BlackElo "2558"]
[TimeControl "180+1"]
[EndTime "8:18:36 PST"]
[Termination "dzilleruelo won by resignation"]

1. e4 c5 2. Nf3 d6 3. d4 cxd4 4.
Qxd4 Nf6 5. Be2 Nc6 6. Qe3 e6 7.
O-O Be7 8. Rd1 Qc7 9. c4 O-O 10.
Nc3 a6 11. b3 Ne5 12. Bb2 b6 13. Rac1 Bb7 14. h3 Rad8 15. Nd4 Qb8 16. Nc2 Ned7 17. Ba3 Nc5 18. Bf3 Qa8 19. Re1 a5 20. Nd4 Rfe8 21. Ndb5 Qb8 22. Rcd1 Nfd7 23. Bb2 Ne5 24. Be2 h6 25. f4 Nc6 26. Bf3 Bh4 27. Re2 e5 28. Nd5 exf4 29. Qxf4 Bg5 30. Qg3 Ne5 31. h4 Be7 32. Nbc7 Bxd5 33. Nxd5 Kh8 34. Bh5 Rf8 35. Nxe7 Qb7 36. Nd5 f5 37. exf5 Rxf5 38. Bg4 Rff8 39. Rf1 Rxf1+ 40. Kxf1 Rf8+ 41. Kg1 Qf7 42.
Bxe5 Qf1+ 43. Kh2 dxe5 44. Qxe5 Nd3 45. Qg3 Nf2 46. Rxf2 Rxf2 47. Bf3 Rxa2 48. Ne7 g5 49.
Qe5+ Kh7 50. Qf5+ Kg7 51. Qe5+ Kf7 52. Bh5+ Kf8 53. Ng6+ Kg8 54. Qh8+ Kf7 55. Qf8+ 1-0

[Event "Early-Titled-Tuesday-Blitz-January-16-2024"]
[Site "Chess.com"]
[Date "2024.01.16"]
[Round "2"]
[White "Joshukid"]
[Black "alexrustemov"]
[Result "1-0"]
[WhiteElo "2603"]
[BlackElo "2862"]
[TimeControl "180+1"]
[EndTime "8:18:37 PST"]
[Termination "Joshukid won by resignation"]

1. e4 e6 2. d3 c5 3. Nf3 Nc6 4. g3 g6 5. Bg2 Bg7 6. O-O Nge7 7.
Nc3 d6 8. Be3 e5 9. Nd5 Nxd5 10.
exd5 Nd4 11. c3 Nxf3+ 12. Bxf3 O-O 13. Bg2 Bd7 14. d4 cxd4 15. cxd4 Re8 16. dxe5 Bxe5 17. Qb3 b6 18. Rac1 Rc8 19. Rxc8 Qxc8 20. Rc1 Qb8 21.
Bf1 Rc8 22. Bb5 Rxc1+ 23. Bxc1 Bh3 24. Qc2 Qd8 25. Qc6 Kg7 26. Qc2 Qf6 27. Bf1 Bxf1 28.
Kxf1 Qf3 29. Qd2 Qh1+ 30. Ke2 Qxh2 31. b3 Qh5+ 32. Kf1 Qh1+ 33. Ke2 Qe4+ 34. Kf1 h5 35. Bb2 Qb1+ 36. Bc1 Qe4 37. Bb2 Bxb2 38. Qxb2+ Qe5 39.
Qd2 Kf6 40. Kg2 Qe4+ 41. Kh2 Ke5 42. Qg5+ Qf5 43. Qd2 g5 44. Qe2+ Kxd5 45. Qb5+ Ke6 46. Qe8+ Kf6 47. Kg1 Qe6 48. Qh8+ Kg6 49. Qg8+ Kf5 50.
Qh7+ Kg4 51. Qd3 Qe1+ 52. Kg2 1-0